Map: Backwater LE

Players

Impact

  • Race: Zerg Zerg
  • Spawn Location: 11:00

Serral - Winner!

  • Race: Zerg Zerg
  • Spawn Location: 5:00

Event: IEM Season 12 - Katowice

VOD

Have the link to the VOD?

Description

Time

  • Played on: March 2, 2018, 6:04 a.m.
  • Length: 6:56

All games in this series

Show
View Real Time Build Order
Export as new Build Order

Impact Zerg 

Build Orders: 1 Base Baneling Bust, Pool First, Zergling Baneling 

Get SALT Encoding   

  12  0:17  Spawning Pool  
  11  0:21  Drone  
  11  0:26  Drone  
  13  0:31  Drone  
  13  0:33  Extractor  
  13  0:42  Overlord  
  13  1:04  Zergling x6  
  15  1:10  Queen  
  18  1:15  Zergling x2  
  19  1:27  Zergling x2  
  20  1:33  Metabolic Boost  
  20  1:37  Zergling x2  
  21  1:49  Zergling x2  
  21  1:53  Baneling Nest  
  21  2:01  Zergling x2  
  22  2:09  Overlord  
  22  2:28  Zergling x4  
  22  2:29  Zergling x2  
  22  2:34  Zergling x2  
  21  2:40  Baneling x2  
  21  2:42  Zergling x2  
  22  2:52  Baneling  
  22  2:56  Zergling x2  
  23  3:04  Zergling x2  
  24  3:06  Zergling x6  
  24  3:08  Baneling  
  24  3:09  Baneling  
  27  3:16  Zergling x2  
  27  3:17  Baneling  
  27  3:19  Baneling  
  28  3:28  Zergling x2  
  26  3:41  Drone  
  26  3:43  Drone x2  
  26  3:44  Baneling x2  
  29  3:50  Drone  
  30  3:58  Baneling  
  30  4:09  Overlord  
  28  4:24  Zergling x2  
  29  4:32  Hatchery  
  29  4:36  Zergling x2  
  29  4:41  Baneling x2  
  29  4:45  Baneling  
  29  4:51  Zergling x2  
  30  4:53  Zergling x2  
  30  4:55  Zergling x2  
  30  4:58  Baneling  
  32  5:03  Zergling x2  
  32  5:06  Zergling x2  
  31  5:15  Zergling x2  
  31  5:16  Zergling x2  
  31  5:19  Zergling x2  
  33  5:23  Zergling x2  
  30  5:29  Zergling x2  
  31  5:38  Baneling, Zergling x2  
  32  5:43  Zergling x2  
  32  5:46  Zergling x4  
  33  5:50  Zergling x2  
  33  5:54  Zergling x2  
  30  5:58  Zergling x2  
  30  6:01  Baneling  
  31  6:04  Zergling x2  
  31  6:09  Zergling x2  
  33  6:11  Baneling  
  33  6:15  Baneling x2  
  33  6:18  Zergling x2  
  33  6:22  Baneling  
  33  6:29  Zergling x4  
Show
View Real Time Build Order
Export as new Build Order

Serral Zerg - Winner!

Build Orders: Hatch First 

Get SALT Encoding   

  12  0:00  Drone  
  13  0:12  Overlord  
  13  0:18  Drone  
  14  0:31  Drone x2  
  14  0:35  Drone  
  17  0:52  Hatchery  
  17  0:55  Drone  
  17  0:58  Drone  
  18  1:08  Extractor  
  17  1:12  Spawning Pool  
  17  1:16  Drone  
  17  1:19  Drone  
  18  1:28  Drone  
  19  1:38  Overlord  
  19  1:59  Zergling x2  
  19  2:00  Queen  
  19  2:01  Zergling x2  
  23  2:03  Queen  
  23  2:04  Zergling x2  
  23  2:08  Metabolic Boost  
  26  2:12  Zergling x2  
  26  2:15  Zergling x2  
  28  2:24  Spine Crawler  
  28  2:28  Zergling x4  
  28  2:34  Zergling x2  
  23  2:37  Zergling x2  
  24  2:45  Spine Crawler  
  24  2:48  Zergling x2  
  24  2:51  Zergling x2  
  24  2:57  Zergling x2  
  28  3:15  Zergling x4  
  30  3:25  Zergling x2  
  29  3:28  Zergling x2  
  29  3:32  Zergling x2  
  28  3:52  Queen  
  28  3:53  Hatchery  
  29  3:58  Zergling x2  
  30  4:09  Overlord  
  29  4:13  Overlord  
  29  4:28  Drone x2  
  31  4:32  Drone  
  31  4:38  Queen  
  32  4:44  Drone  
  35  4:53  Drone  
  36  5:12  Zergling x4  
  36  5:13  Drone x2  
  34  5:17  Queen  
  34  5:21  Zergling x2  
  35  5:26  Zergling x4  
  34  5:34  Spine Crawler  
  33  5:37  Zergling x4  
  35  5:45  Queen  
  35  5:46  Drone  
  35  5:48  Zergling x2  
  37  5:54  Drone  
  37  5:56  Zergling x2  
  37  6:00  Zergling x2  
  37  6:01  Zergling x2  
  39  6:05  Drone  
  39  6:10  Overlord  
  39  6:12  Drone  
  39  6:18  Spine Crawler  
  38  6:31  Zergling x2  
  41  6:35  Zergling x4  

Tags
 
Add a new tag
Caveats
  • Supply blocks, unpowered buildings, or Contaminate may cause inaccurate times.
  • Supply counts are checked every 10 seconds.